| TOP OF THE 1ST |
|
Montgomery Biscuits batting - Pitching for Corpus Christi Hooks : RHP Ricardo Acosta
|
|
Pitching: RHP Ricardo Acosta
|
|
|
Batting: RHB Adam Turpin
|
0-0: Ball 1-0: Called Strike 1-1: Swinging Strike 1-2: Ball 2-2: Ball 3-2: Ground out 5-3 (Groundball, 56S, EV 78.8 MPH)
|
|
Batting: RHB Chris Thorson
|
0-0: Ball 1-0: Fly out, F7 (Flyball, 78D, EV 96.9 MPH)
|
|
Batting: SHB Wayne Hattan
|
0-0: Ball 1-0: SINGLE (Flyball, 5D, EV 86.2 MPH)
|
|
Batting: RHB Freddy Mullen
|
0-0: Ball 1-0: Called Strike 1-1: Foul Ball, location: 2F 1-2: Fly out, F9 (Flyball, 89M, EV 85.0 MPH)
|
| Top of the 1st over - 0 runs, 1 hit, 0 errors, 1 left on base; Montgomery 0 - Corpus Christi 0 |
| BOTTOM OF THE 1ST |
|
Corpus Christi Hooks batting - Pitching for Montgomery Biscuits : RHP Kyle Thomas
|
|
Pitching: RHP Kyle Thomas
|
|
|
Batting: RHB Xavier Castaneda
|
0-0: Foul Ball, location: 2F 0-1: Foul Ball, location: 2F 0-2: Foul Ball, location: 2F 0-2: Strikes out swinging
|
|
Batting: LHB Glenn Lowther
|
0-0: Ball 1-0: Ball 2-0: Ball 3-0: Base on Balls
|
|
Batting: RHB Kyle Davis
|
0-0: Called Strike 0-1: Called Strike Glenn Lowther is caught stealing 2nd base 2-4 0-2: Ball 1-2: Strikes out swinging
|
| Bottom of the 1st over - 0 runs, 0 hits, 0 errors, 0 left on base; Montgomery 0 - Corpus Christi 0 |
| TOP OF THE 2ND |
|
Montgomery Biscuits batting - Pitching for Corpus Christi Hooks : RHP Ricardo Acosta
|
|
Batting: SHB Julio Hernandez
|
0-0: Called Strike 0-1: Swinging Strike 0-2: Foul Ball, location: 2F 0-2: Ball 1-2: Foul Ball, location: 2F 1-2: Strikes out looking
|
|
Batting: RHB Jason Penfield
|
0-0: Ball 1-0: Swinging Strike 1-1: Foul Ball, location: 2F 1-2: Strikes out looking
|
|
Batting: RHB Khalil Walker
|
0-0: Foul Ball, location: 2F 0-1: Ball 1-1: Ball 2-1: Ball 3-1: Swinging Strike 3-2: Strikes out swinging
|
| Top of the 2nd over - 0 runs, 0 hits, 0 errors, 0 left on base; Montgomery 0 - Corpus Christi 0 |
| BOTTOM OF THE 2ND |
|
Corpus Christi Hooks batting - Pitching for Montgomery Biscuits : RHP Kyle Thomas
|
|
Batting: RHB Duncan Collins
|
0-0: Ball 1-0: Ball 2-0: Ball 3-0: Called Strike 3-1: Ground out 5-3 (Groundball, 56S, EV 86.2 MPH)
|
|
Batting: RHB Alex Campos
|
0-0: Ball 1-0: Swinging Strike 1-1: Foul Ball, location: 2F 1-2: DOUBLE (Flyball, 89XD, EV 114.4 MPH)
|
|
Batting: RHB Pat McCoy
|
0-0: Called Strike 0-1: Ball 1-1: Fly out, F7 (Flyball, 7, EV 95.0 MPH)
|
|
Batting: RHB Edgar Trejo
|
0-0: Called Strike 0-1: Ball 1-1: Ball 2-1: Fly out, F7 (Line Drive, 7, EV 97.5 MPH)
|
| Bottom of the 2nd over - 0 runs, 1 hit, 0 errors, 1 left on base; Montgomery 0 - Corpus Christi 0 |
| TOP OF THE 3RD |
|
Montgomery Biscuits batting - Pitching for Corpus Christi Hooks : RHP Ricardo Acosta
|
|
Batting: RHB Isaiah Easter
|
0-0: Swinging Strike 0-1: Ball 1-1: Called Strike 1-2: Strikes out looking
|
|
Batting: LHB Alex Genao
|
0-0: Called Strike 0-1: Ball 1-1: Foul Ball, location: 2F 1-2: Foul Ball, location: 2F 1-2: Strikes out swinging
|
|
Batting: RHB Adam Turpin
|
0-0: Ground out 3-1 (Groundball, 34, EV 90.0 MPH)
|
| Top of the 3rd over - 0 runs, 0 hits, 0 errors, 0 left on base; Montgomery 0 - Corpus Christi 0 |
| BOTTOM OF THE 3RD |
|
Corpus Christi Hooks batting - Pitching for Montgomery Biscuits : RHP Kyle Thomas
|
|
Batting: RHB Sean Mounts
|
0-0: Called Strike 0-1: Called Strike 0-2: Ground out 6-3 (Groundball, 6, EV 98.1 MPH)
|
|
Batting: RHB Kieron Clark
|
0-0: Ball 1-0: Ball 2-0: Foul Ball, location: 2F 2-1: Foul Ball, location: 2F 2-2: Fly out, F9 (Flyball, 89S, EV 95.6 MPH)
|
|
Batting: RHB Xavier Castaneda
|
0-0: Ball 1-0: SINGLE (Groundball, 34D, EV 98.8 MPH)
|
|
Batting: LHB Glenn Lowther
|
0-0: Ball 1-0: Called Strike 1-1: Ball 2-1: Swinging Strike 2-2: Fielders Choice at 2nd, 5-4 (Groundball, 5, EV 81.2 MPH)
|
| Bottom of the 3rd over - 0 runs, 1 hit, 0 errors, 1 left on base; Montgomery 0 - Corpus Christi 0 |
| TOP OF THE 4TH |
|
Montgomery Biscuits batting - Pitching for Corpus Christi Hooks : RHP Ricardo Acosta
|
|
Batting: RHB Chris Thorson
|
0-0: Foul Ball, location: 2F 0-1: DOUBLE (Line Drive, 9LM, EV 104.4 MPH)
|
|
Batting: SHB Wayne Hattan
|
0-0: Ball 1-0: Foul Ball, location: 2F 1-1: Fly out, F5 (Line Drive, 6, EV 69.4 MPH)
|
|
Batting: RHB Freddy Mullen
|
0-0: Swinging Strike 0-1: Swinging Strike 0-2: Ball 1-2: Ball 2-2: Foul Ball, location: 2F 2-2: Strikes out swinging
|
|
Batting: SHB Julio Hernandez
|
0-0: Called Strike 0-1: Ball 1-1: Ball 2-1: Called Strike 2-2: Strikes out swinging
|
| Top of the 4th over - 0 runs, 1 hit, 0 errors, 1 left on base; Montgomery 0 - Corpus Christi 0 |
| BOTTOM OF THE 4TH |
|
Corpus Christi Hooks batting - Pitching for Montgomery Biscuits : RHP Kyle Thomas
|
|
Batting: RHB Kyle Davis
|
0-0: Called Strike 0-1: Fly out, F8 (Flyball, 8RD, EV 102.5 MPH)
|
|
Batting: RHB Duncan Collins
|
0-0: Foul Ball, location: 2F 0-1: Ball 1-1: Ball 2-1: Foul Ball, location: 2F 2-2: Ball 3-2: Base on Balls
|
|
Batting: RHB Alex Campos
|
0-0: Swinging Strike 0-1: Ball 1-1: Ball 2-1: Fly out, F9 (Line Drive, 9S, EV 96.2 MPH)
|
|
Batting: RHB Pat McCoy
|
0-0: Fly out, F3 (Popup, 3F, EV 68.1 MPH)
|
| Bottom of the 4th over - 0 runs, 0 hits, 0 errors, 1 left on base; Montgomery 0 - Corpus Christi 0 |
| TOP OF THE 5TH |
|
Montgomery Biscuits batting - Pitching for Corpus Christi Hooks : RHP Ricardo Acosta
|
|
Batting: RHB Jason Penfield
|
0-0: Ball 1-0: Ball 2-0: Swinging Strike 2-1: Foul Ball, location: 2F 2-2: Ball 3-2: Foul Ball, location: 2F 3-2: Foul Ball, location: 2F 3-2: Fly out, F8 (Flyball, 8LXD, EV 105.0 MPH)
|
|
Batting: RHB Khalil Walker
|
0-0: Swinging Strike 0-1: Swinging Strike 0-2: Foul Ball, location: 2F 0-2: Strikes out swinging, 2-3 out at first.
|
|
Batting: RHB Isaiah Easter
|
0-0: Ball 1-0: Called Strike 1-1: Ball 2-1: Swinging Strike 2-2: Strikes out swinging
|
| Top of the 5th over - 0 runs, 0 hits, 0 errors, 0 left on base; Montgomery 0 - Corpus Christi 0 |
| BOTTOM OF THE 5TH |
|
Corpus Christi Hooks batting - Pitching for Montgomery Biscuits : RHP Kyle Thomas
|
|
Batting: RHB Edgar Trejo
|
0-0: Bunt missed! 0-1: Swinging Strike 0-2: Foul Ball, location: 2F 0-2: Strikes out swinging
|
|
Batting: RHB Sean Mounts
|
0-0: Ball 1-0: Foul Ball, location: 2F 1-1: Called Strike 1-2: SINGLE (Groundball, 4M, EV 105.6 MPH) (infield hit)
|
|
Batting: RHB Kieron Clark
|
0-0: Ball Sean Mounts is caught stealing 2nd base 2-4 1-0: Swinging Strike 1-1: Called Strike 1-2: Foul Ball, location: 2F 1-2: Foul Ball, location: 2F 1-2: Strikes out swinging
|
| Bottom of the 5th over - 0 runs, 1 hit, 0 errors, 0 left on base; Montgomery 0 - Corpus Christi 0 |
| TOP OF THE 6TH |
|
Montgomery Biscuits batting - Pitching for Corpus Christi Hooks : RHP Ricardo Acosta
|
|
Batting: LHB Alex Genao
|
0-0: Called Strike 0-1: Ball 1-1: Foul Ball, location: 2F 1-2: Strikes out swinging
|
|
Batting: RHB Adam Turpin
|
0-0: Ball 1-0: Swinging Strike 1-1: Ball 2-1: Foul Ball, location: 2F 2-2: Strikes out swinging
|
|
Batting: RHB Chris Thorson
|
0-0: Called Strike 0-1: Ball 1-1: Ball 2-1: Ground out 4-3 (Groundball, 4, EV 105.0 MPH)
|
| Top of the 6th over - 0 runs, 0 hits, 0 errors, 0 left on base; Montgomery 0 - Corpus Christi 0 |
| BOTTOM OF THE 6TH |
|
Corpus Christi Hooks batting - Pitching for Montgomery Biscuits : RHP Kyle Thomas
|
|
Batting: RHB Xavier Castaneda
|
0-0: Foul Ball, location: 2F 0-1: Called Strike 0-2: Ball 1-2: Ball 2-2: Foul Ball, location: 2F 2-2: Ground out 4-3 (Groundball, 4M, EV 88.8 MPH)
|
|
Batting: LHB Glenn Lowther
|
0-0: Ball 1-0: Ball 2-0: Ball 3-0: Base on Balls
|
|
Batting: RHB Kyle Davis
|
0-0: Ball Glenn Lowther steals 2nd base 1-0: Ball 2-0: Ball 3-0: Base on Balls
|
|
Batting: RHB Duncan Collins
|
0-0: Called Strike 0-1: Called Strike 0-2: Ball 1-2: Ball 2-2: Ball 3-2: Base on Balls Glenn Lowther to third Kyle Davis to second
|
|
Batting: RHB Alex Campos
|
0-0: Grounds into double play, 4-6-3 (Groundball, 4, EV 81.9 MPH)
|
| Bottom of the 6th over - 0 runs, 0 hits, 0 errors, 2 left on base; Montgomery 0 - Corpus Christi 0 |
| TOP OF THE 7TH |
|
Montgomery Biscuits batting - Pitching for Corpus Christi Hooks : RHP Ricardo Acosta
|
|
Batting: SHB Wayne Hattan
|
0-0: Ball 1-0: Ball 2-0: Swinging Strike 2-1: Ball 3-1: Called Strike 3-2: Strikes out swinging
|
|
Batting: RHB Freddy Mullen
|
0-0: Called Strike 0-1: Ball 1-1: Ground out 5-3 (Groundball, 56, EV 106.9 MPH)
|
|
Batting: SHB Julio Hernandez
|
0-0: Foul Ball, location: 2F 0-1: Ball 1-1: Fly out, F7 (Flyball, 7LS, EV 86.2 MPH)
|
| Top of the 7th over - 0 runs, 0 hits, 0 errors, 0 left on base; Montgomery 0 - Corpus Christi 0 |
| BOTTOM OF THE 7TH |
|
Corpus Christi Hooks batting - Pitching for Montgomery Biscuits : RHP Kyle Thomas
|
|
Batting: RHB Pat McCoy
|
0-0: Ball 1-0: SINGLE (Groundball, 6MD, EV 101.2 MPH)
|
|
Batting: RHB Edgar Trejo
|
0-0: Bunt missed! 0-1: Ball 1-1: Ball 2-1: Bunted foul 2-2: Foul Ball, location: 2F 2-2: Strikes out looking
|
|
Pinch Hitting: LHB Bob Dietz
|
0-0: Foul Ball, location: 2F 0-1: Ball 1-1: Foul Ball, location: 2F 1-2: Fly out, F2 (Popup, 5SF, EV 83.8 MPH)
|
|
Batting: RHB Kieron Clark
|
0-0: Ball 1-0: Called Strike 1-1: Called Strike 1-2: Strikes out swinging
|
| Bottom of the 7th over - 0 runs, 1 hit, 0 errors, 1 left on base; Montgomery 0 - Corpus Christi 0 |
| TOP OF THE 8TH |
|
Montgomery Biscuits batting - Pitching for Corpus Christi Hooks : RHP Ricardo Acosta
|
|
Pitching: RHP Gerardo Huerta
|
|
|
Now at 1B: Oren Jones
|
|
|
Batting: RHB Jason Penfield
|
0-0: Ball 1-0: Fly out, F8 (Flyball, 8LM, EV 91.2 MPH)
|
|
Batting: RHB Khalil Walker
|
0-0: Ball 1-0: Ball 2-0: Swinging Strike 2-1: Foul Ball, location: 2F 2-2: Strikes out swinging
|
|
Batting: RHB Isaiah Easter
|
0-0: Called Strike 0-1: Ball 1-1: Foul Ball, location: 2F 1-2: Ball 2-2: Ball 3-2: Ground out 6-3 (Groundball, 56, EV 89.4 MPH)
|
| Top of the 8th over - 0 runs, 0 hits, 0 errors, 0 left on base; Montgomery 0 - Corpus Christi 0 |
| BOTTOM OF THE 8TH |
|
Corpus Christi Hooks batting - Pitching for Montgomery Biscuits : RHP Kyle Thomas
|
|
Pitching: RHP Jeremy Price
|
|
|
Batting: RHB Xavier Castaneda
|
0-0: Called Strike 0-1: Foul Ball, location: 2F 0-2: Ball 1-2: Ball 2-2: Strikes out swinging
|
|
Batting: LHB Glenn Lowther
|
0-0: Ground out 6-3 (Groundball, 6, EV 108.1 MPH)
|
|
Batting: RHB Kyle Davis
|
0-0: Swinging Strike 0-1: Swinging Strike 0-2: Hit by Pitch
|
|
Batting: RHB Duncan Collins
|
0-0: Ball 1-0: Ball 2-0: Foul Ball, location: 2F 2-1: Foul Ball, location: 2F 2-2: Strikes out swinging
|
| Bottom of the 8th over - 0 runs, 0 hits, 0 errors, 1 left on base; Montgomery 0 - Corpus Christi 0 |
| TOP OF THE 9TH |
|
Montgomery Biscuits batting - Pitching for Corpus Christi Hooks : RHP Gerardo Huerta
|
|
Pitching: RHP Bobby Leija
|
|
|
Batting: LHB Alex Genao
|
0-0: Ball 1-0: Ball 2-0: Ball 3-0: Called Strike 3-1: Base on Balls
|
|
Batting: RHB Adam Turpin
|
0-0: Bunted foul 0-1: Bunt missed! 0-2: TRIPLE (Line Drive, 89XD, EV 111.9 MPH) Alex Genao scores
|
|
Batting: RHB Chris Thorson
|
0-0: Ball 1-0: SINGLE (Groundball, 56, EV 103.8 MPH) Adam Turpin scores
|
|
Batting: SHB Wayne Hattan
|
0-0: Called Strike 0-1: Called Strike 0-2: Fly out, F8 (Flyball, 8LM, EV 95.6 MPH)
|
|
Batting: RHB Freddy Mullen
|
0-0: Called Strike Chris Thorson steals 2nd base 0-1: Ground out 6-3 (Groundball, 6MD, EV 109.4 MPH) Chris Thorson to third
|
|
Pitching: LHP Blaine Whitmore
|
|
|
Batting: SHB Julio Hernandez
|
0-0: Called Strike 0-1: Foul Ball, location: 2F 0-2: Strikes out swinging
|
| Top of the 9th over - 2 runs, 2 hits, 0 errors, 1 left on base; Montgomery 2 - Corpus Christi 0 |
| BOTTOM OF THE 9TH |
|
Corpus Christi Hooks batting - Pitching for Montgomery Biscuits : RHP Jeremy Price
|
|
Pitching: RHP Josh McMahan
|
|
|
Batting: RHB Alex Campos
|
0-0: Ball 1-0: Called Strike 1-1: Foul Ball, location: 2F 1-2: Strikes out looking
|
|
Batting: RHB Pat McCoy
|
0-0: Called Strike 0-1: Ball 1-1: Ball 2-1: DOUBLE (Groundball, 5L, EV 95.0 MPH)
|
|
Batting: RHB Edgar Trejo
|
0-0: Reached on error, E5 (Groundball, 56, EV 89.4 MPH) Pat McCoy to third
|
|
Batting: RHB Oren Jones
|
0-0: Ball 1-0: Grounds into double play, 6-4-3 (Groundball, 6, EV 105.0 MPH)
|
| Bottom of the 9th over - 0 runs, 1 hit, 1 error, 1 left on base; Montgomery 2 - Corpus Christi 0 |
|